 Dungeon Crawl Stone Soup version 0.21-a0-634-gaf8bc5d (webtiles) character file.

4013 sithsevirus the Grasshopper (level 10, -8/77 HPs)
             Began as a Gnoll Wanderer on Dec 29, 2017.
             Was a Believer of Okawaru.
             Mangled by a two-headed ogre
             ... wielding a +0 giant spiked club
              (12 damage)
             ... on level 8 of the Dungeon.
             The game lasted 00:43:04 (10540 turns).

sithsevirus the Grasshopper (Gnoll Wanderer)       Turns: 10540, Time: 00:43:04

Health: -8/77      AC: 11    Str: 17    XL:     10   Next: 23%
Magic:  17/17      EV: 17    Int: 26    God:    Okawaru [**....]
Gold:   457        SH:  6    Dex: 14    Spells: 15/19 levels left

rFire    . . .     SeeInvis .   a - +4 spear
rCold    . . .     Gourm    .   I - +0 buckler
rNeg     . . .     Faith    .   A - +2 ring mail {rPois}
rPois    +         Spirit   .   P - +2 hat
rElec    .         Reflect  .   o - scarf {cloud immunity}
rCorr    .         Harm     +   (no gloves)
MR       .....                  (no boots)
Stlth    ++++......             y - amulet of harm
HPRegen  0.22/turn              q - +6 ring of intelligence
MPRegen  0.15/turn              C - +4 ring of intelligence

@: heroism
A: distributed training, fangs 1, strong nose
a: Heroism, Renounce Religion


You were on level 8 of the Dungeon.
You worshipped Okawaru.
Okawaru was pleased with you.
You were not hungry.

You visited 2 branches of the dungeon, and saw 9 of its levels.
You also visited: Ossuary.

You collected 457 gold pieces.

Inventory:

Hand Weapons
 a - a +4 spear (weapon)
 b - a +0 flail of holy wrath
 O - a +0 hand axe of flaming
Missiles
 h - 3 tomahawks (quivered)
 i - 2 curare-tipped needles
 j - 294 stones
 K - 34 sling bullets
Armour
 o - a scarf of cloud immunity (worn)
 A - a +2 ring mail of poison resistance (worn)
 I - a +0 buckler (worn)
 P - a +2 hat (worn)
Jewellery
 e - an uncursed ring of fire
 q - a +6 ring of intelligence (left hand)
 y - an amulet of harm (around neck)
 C - a +4 ring of intelligence (right hand)
Wands
 c - a wand of paralysis (17)
 d - a wand of disintegration (16)
 r - a wand of clouds (6)
 x - a wand of random effects (22)
 Q - a wand of flame (14)
Scrolls
 g - 7 scrolls of magic mapping
 k - 7 scrolls of identify {unknown}
 l - 4 scrolls of teleportation
 n - 3 scrolls of blinking {unknown}
 w - 2 scrolls of amnesia {unknown}
 z - 3 scrolls of enchant armour {unknown}
 B - a scroll of remove curse
 G - 2 scrolls of enchant weapon {unknown}
 H - a scroll of brand weapon {unknown}
 L - a scroll of random uselessness {unknown}
 M - a scroll of immolation {unknown}
 N - a scroll of fog {unknown}
Potions
 p - 6 potions of lignification {unknown}
 t - 2 potions of degeneration {unknown}
 u - a potion of might
 v - 2 potions of mutation {unknown}
 D - 2 potions of brilliance
 E - a potion of agility {unknown}
 F - 2 potions of flight {unknown}
 J - 2 potions of invisibility {unknown}
Comestibles
 f - 15 rations
 m - 9 chunks of flesh


   Skills:
 + Level 6.8(11.8) Fighting
 + Level 5.7(10.7) Short Blades
 + Level 5.0(10.0) Long Blades
 + Level 5.0(10.0) Axes
 + Level 5.0(10.0) Maces & Flails
 + Level 5.0(10.0) Polearms
 + Level 5.0(10.0) Staves
 + Level 5.0(10.0) Slings
 + Level 5.0(10.0) Bows
 + Level 5.0(10.0) Crossbows
 + Level 6.8(11.8) Throwing
 + Level 5.0(10.0) Armour
 + Level 5.0(10.0) Dodging
 + Level 6.6(11.6) Stealth
 + Level 5.0(10.0) Shields
 + Level 5.0(10.0) Unarmed Combat
 + Level 5.0 Spellcasting
 + Level 4.1 Conjurations
 + Level 4.1 Hexes
 + Level 4.1 Charms
 + Level 4.1 Summonings
 + Level 4.1 Necromancy
 + Level 6.9 Translocations
 + Level 4.1 Transmutations
 + Level 4.1 Fire Magic
 + Level 4.1 Ice Magic
 + Level 4.1 Air Magic
 + Level 4.1 Earth Magic
 + Level 4.1 Poison Magic
 + Level 5.5 Invocations
 + Level 5.0 Evocations


You had 15 spell levels left.
You knew the following spells:

 Your Spells              Type           Power        Failure   Level  Hunger
a - Shroud of Golubria    Chrm/Tloc      #####.....   1%          2    None
b - Blink                 Tloc           N/A          1%          2    None


Dungeon Overview and Level Annotations

Branches:
Dungeon (8/15)             Temple (1/1) D:6
   Lair: D:8-11

Altars:
Ashenzari
Cheibriados
Dithmenos
Elyvilon
Fedhas
Gozag
Hepliaklqana
Kikubaaqudgha
Makhleb
Nemelex Xobeh
Okawaru
Qazlal
Ru
Sif Muna
Trog
Uskayaw
Vehumet
Wu Jian
Xom
Yredelemnul
Zin
The Shining One


Innate Abilities, Weirdness & Mutations

Your experience applies equally to all skills.
You have very sharp teeth.
Your uncanny sense of smell can sniff out nearby items.


Message History

The two-headed ogre hits you with a giant spiked club!
* * * LOW HITPOINT WARNING * * *
The two-headed ogre hits you with a giant spiked club.
* * * LOW HITPOINT WARNING * * *
You feel much better.
The two-headed ogre hits you with a giant spiked club.
The two-headed ogre hits you with a giant spiked club!
You gain the combat prowess of a mighty hero.
You hit the two-headed ogre.
The two-headed ogre is lightly wounded.
You block the two-headed ogre's attack. The two-headed ogre closely misses you.
You hit the two-headed ogre but do no damage.
You hit the two-headed ogre.
The two-headed ogre is lightly wounded.
The two-headed ogre completely misses you.
The two-headed ogre hits you with a giant spiked club!!
* * * LOW HITPOINT WARNING * * *
You block the two-headed ogre's attack.
The two-headed ogre hits you with a giant spiked club!
You die...

#. .# . ##. #.# #. # .##?.## ..#
#. .# ......#####..###.. .# #
#... #....#........ #.# . . #...
#......# .... ##.# . #...##...#
#......## #.###..# # #........#
#.O.#...###.......
#####........###@..###..##.......
.............#...#.# #...........
....... ..#...###.###....####...
####..###.###.## ##.#.....# ##..
## #..##..# #.# #......## ##..#
..##...).## #.## #.......###..##
.#^..###..# #..####............#
...#.# ##.###........####..###.##
.....## #............# ##.###..#


You could see a two-headed ogre.

Vanquished Creatures
  Grinder (D:4)
  A hippogriff (D:6)
  A wraith (D:6)
  Sigmund (D:5)
  Menkaure (D:5)
  2 hungry ghosts (D:7)
  2 orc warriors
  2 phantoms
  2 black bears (D:7)
  An ice beast (D:6)
  An ogre (D:6)
  A centaur (D:5)
  A crocodile (D:6)
  A bullfrog (D:6)
  2 scorpions
  A water moccasin skeleton (D:6)
  4 wights (D:6)
  4 killer bees (D:7)
  3 howler monkeys
  4 crimson imps
  An orc priest (D:6)
  6 hounds
  3 jellies
  9 orc wizards
  4 iguanas
  Natasha (thrice) (D:2)
  3 worker ants
  2 hound zombies
  A hound skeleton (D:4)
  13 mummies (Ossuary)
  A howler monkey zombie (D:7)
  12 adders
  2 shadow imps (D:6)
  2 oozes
  2 worms
  3 dart slugs
  7 leopard geckos
  32 orcs
  2 ball pythons (D:1)
  13 bats
  11 giant cockroaches
  6 goblins
  6 hobgoblins
  13 jackals
  4 quokkas
  8 frilled lizards
  3 gnoll skeletons (Ossuary)
  2 goblin skeletons (Ossuary)
  8 kobolds
  2 kobold skeletons (Ossuary)
  A leopard gecko zombie (D:5)
  An orc skeleton (Ossuary)
  2 quokka skeletons
  2 quokka zombies (D:6)
  7 rats
  11 rat skeletons (Ossuary)
244 creatures vanquished.

Notes
Turn   | Place    | Note
-------+----------+-------------------------------------------
     0 | D:1      | sithsevirus the Gnoll Wanderer began the quest for the Orb.
     0 | D:1      | sithsevirus set off with: a +2 short sword, a +0 spear, the Disquisition on Orientation, a +0 robe, a +0 dagger, a ration
     0 | D:1      | Reached XP level 1. HP: 20/20 MP: 1/1
     0 | D:1      | Identified the Disquisition on Orientation
   150 | D:1      | Reached XP level 2. HP: 26/26 MP: 2/2
   399 | D:1      | Reached XP level 3. HP: 31/31 MP: 3/3
   754 | D:2      | Learned a level 2 spell: Blink
   830 | D:2      | Reached skill level 1 in Invocations
  1151 | D:2      | Reached skill level 1 in Long Blades
  1151 | D:2      | Reached skill level 1 in Axes
  1151 | D:2      | Reached skill level 1 in Maces & Flails
  1151 | D:2      | Reached skill level 1 in Polearms
  1151 | D:2      | Reached skill level 1 in Staves
  1151 | D:2      | Reached skill level 1 in Slings
  1151 | D:2      | Reached skill level 1 in Bows
  1151 | D:2      | Reached skill level 1 in Crossbows
  1151 | D:2      | Reached skill level 1 in Armour
  1151 | D:2      | Reached skill level 1 in Dodging
  1151 | D:2      | Reached skill level 1 in Shields
  1151 | D:2      | Reached skill level 1 in Unarmed Combat
  1151 | D:2      | Reached skill level 1 in Spellcasting
  1151 | D:2      | Reached skill level 1 in Evocations
  1292 | D:2      | Reached XP level 4. HP: 38/38 MP: 5/5
  1308 | D:2      | Noticed Natasha
  1320 | D:2      | Killed Natasha
  1528 | D:2      | Noticed Natasha
  1535 | D:2      | Killed Natasha
  1535 | D:2      | Reached skill level 1 in Conjurations
  1535 | D:2      | Reached skill level 1 in Hexes
  1535 | D:2      | Reached skill level 1 in Charms
  1535 | D:2      | Reached skill level 1 in Summonings
  1535 | D:2      | Reached skill level 1 in Necromancy
  1535 | D:2      | Reached skill level 1 in Transmutations
  1535 | D:2      | Reached skill level 1 in Fire Magic
  1535 | D:2      | Reached skill level 1 in Ice Magic
  1535 | D:2      | Reached skill level 1 in Air Magic
  1535 | D:2      | Reached skill level 1 in Earth Magic
  1535 | D:2      | Reached skill level 1 in Poison Magic
  1546 | D:2      | Learned a level 2 spell: Shroud of Golubria
  1628 | D:2      | Reached XP level 5. HP: 40/43 MP: 6/6
  1801 | D:2      | Noticed Natasha
  1812 | D:2      | Killed Natasha
  3371 | D:4      | Reached XP level 6. HP: 50/50 MP: 5/8
  3452 | D:4      | Noticed Grinder
  3499 | D:4      | Killed Grinder
  3499 | D:4      | Reached skill level 5 in Fighting
  3499 | D:4      | Reached skill level 5 in Throwing
  3499 | D:4      | Reached XP level 7. HP: 35/56 MP: 8/10
  4537 | D:5      | Entered Level 5 of the Dungeon
  4598 | D:5      | Reached skill level 5 in Stealth
  4702 | D:5      | Got a crude leather armour
  4713 | D:5      | Identified the +0 leather armour of Liberty {Regen+} (You found it on level 5 of the Dungeon)
  4995 | D:5      | Noticed Sigmund
  5031 | D:5      | Killed Sigmund
  5031 | D:5      | Reached XP level 8. HP: 41/63 MP: 12/12
  5245 | D:5      | Noticed Menkaure
  5266 | D:5      | Killed Menkaure
  5997 | D:6      | Found a sand-covered staircase.
  6018 | Ossuary  | Entered an ossuary
  7061 | D:6      | Noticed a hippogriff
  7076 | D:6      | Killed a hippogriff
  7076 | D:6      | Reached XP level 9. HP: 36/69 MP: 14/14
  7307 | D:6      | Found a staircase to the Ecumenical Temple.
  7316 | Temple   | Entered the Ecumenical Temple
  7421 | Temple   | Became a worshipper of Warmaster Okawaru
  8154 | D:6      | Reached skill level 5 in Short Blades
  8389 | D:6      | Found an ornate altar of the Wu Jian Council.
  8690 | D:6      | Reached * piety under Okawaru
  8976 | D:7      | Reached skill level 5 in Invocations
  9367 | D:7      | Reached XP level 10. HP: 73/77 MP: 15/17
 10298 | D:8      | Reached ** piety under Okawaru
 10298 | D:8      | Reached skill level 5 in Long Blades
 10298 | D:8      | Reached skill level 5 in Axes
 10298 | D:8      | Reached skill level 5 in Maces & Flails
 10298 | D:8      | Reached skill level 5 in Polearms
 10298 | D:8      | Reached skill level 5 in Staves
 10298 | D:8      | Reached skill level 5 in Slings
 10298 | D:8      | Reached skill level 5 in Bows
 10298 | D:8      | Reached skill level 5 in Crossbows
 10298 | D:8      | Reached skill level 5 in Armour
 10298 | D:8      | Reached skill level 5 in Dodging
 10298 | D:8      | Reached skill level 5 in Shields
 10298 | D:8      | Reached skill level 5 in Unarmed Combat
 10298 | D:8      | Reached skill level 5 in Spellcasting
 10298 | D:8      | Reached skill level 5 in Evocations
 10324 | D:8      | Noticed a two-headed ogre
 10523 | D:8      | HP: 1/77 [two-headed ogre/giant spiked club (26)]
 10540 | D:8      | Mangled by a two-headed ogre

Vault maps used:
D:1:      saegor_arrival_simple_e
D:2:      uniq_natasha
D:3:      first_ration, minmay_parallelograms
D:4:      uniq_grinder
D:5:      kennysheep_generic_room_3, uniq_menkaure, uniq_sigmund
D:6:      minmay_opposing_rooms, lemuel_doored_altar,
          minmay_temple_entry_poolview, enter_ossuary_1,
          kennysheep_generic_room_6
D:7:      black_bear_nest_1
D:8:      lair_entry_dummy
Temple:   roderic_octagonal_lattice_temple
Ossuary:  ossuary_due_small_catacomb

Skill      XL: |  1  2  3  4  5  6  7  8  9 10 |
---------------+-------------------------------+-----
Invocations    | 1 2 3 4 5 |  5.5
Long Blades    | 1 2 3 4 5 |  5.0
Axes           | 1 2 3 4 5 |  5.0
Maces & Flails | 1 2 3 4 5 |  5.0
Polearms       | 1 2 3 4 5 |  5.0
Staves         | 1 2 3 4 5 |  5.0
Slings         | 1 2 3 4 5 |  5.0
Bows           | 1 2 3 4 5 |  5.0
Crossbows      | 1 2 3 4 5 |  5.0
Armour         | 1 2 3 4 5 |  5.0
Dodging        | 1 2 3 4 5 |  5.0
Shields        | 1 2 3 4 5 |  5.0
Unarmed Combat | 1 2 3 4 5 |  5.0
Spellcasting   | 1 2 3 4 5 |  5.0
Evocations     | 1 2 3 4 5 |  5.0
Conjurations   | 1 2 3 4 |  4.1
Hexes          | 1 2 3 4 |  4.1
Charms         | 1 2 3 4 |  4.1
Summonings     | 1 2 3 4 |  4.1
Necromancy     | 1 2 3 4 |  4.1
Transmutations | 1 2 3 4 |  4.1
Fire Magic     | 1 2 3 4 |  4.1
Ice Magic      | 1 2 3 4 |  4.1
Air Magic      | 1 2 3 4 |  4.1
Earth Magic    | 1 2 3 4 |  4.1
Poison Magic   | 1 2 3 4 |  4.1
Short Blades   | 3 4 5 |  5.7
Fighting       | 5 6 |  6.8
Throwing       | 5 6 |  6.8
Stealth        | 5 6 |  6.6
Translocations | 6 |  6.9

Action                   |  1- 3 |  4- 6 |  7- 9 | 10-12 || total
-------------------------+-------+-------+-------+-------++-------
Melee: Short sword       |    87 |   214 |   324 |       ||   625
       Bite              |     9 |    14 |    73 |     5 ||   101
       Punch             |       |     1 |     4 |       ||     5
       Flail             |       |       |   115 |     4 ||   119
       Spear             |       |       |   124 |   118 ||   242
Throw: Stone             |       |    11 |     6 |       ||    17
 Cast: Shroud of Golubri |       |     1 |     1 |       ||     2
Invok: Heroism           |       |       |       |     2 ||     2
Evoke: Wand              |       |     1 |     2 |     6 ||     9
  Use: Scroll            |       |     1 |     5 |     2 ||     8
       Potion            |       |       |     8 |     4 ||    12
 Stab: Sleeping          |    10 |     9 |    18 |     2 ||    39
       Distracted        |       |     1 |     1 |       ||     2
       Paralysed         |       |       |     2 |       ||     2
  Eat: Chunk             |     1 |     6 |    10 |     5 ||    22
       Ration            |       |     1 |     3 |       ||     4
Armor: Leather armour    |    25 |    41 |       |       ||    66
       Ring mail         |       |     5 |   142 |    34 ||   181
Dodge: Dodged            |    47 |   122 |   230 |    52 ||   451
Block: Buckler           |       |       |    56 |    30 ||    86

Table legend:
 A = Spawn XP
 B = Non-spawn XP
 C = Spawn XP percentage of total XP
 D = Spawn monster count
 E = Non-spawn monster count
 F = Spawn count percentage of total count
 G = Total turns spent on level
                    A         B        C        D         E        F      G
               +---------+---------+-------+---------+---------+-------+---------
         Total |       0 |    5733 |   0.0 |       0 |     244 |   0.0 | 10540
               +---------+---------+-------+---------+---------+-------+---------
           D:1 |       0 |      44 |   0.0 |       0 |      23 |   0.0 |   697
           D:2 |       0 |     189 |   0.0 |       0 |      26 |   0.0 |  1618
           D:3 |       0 |      81 |   0.0 |       0 |      38 |   0.0 |  1034
           D:4 |       0 |     580 |   0.0 |       0 |      23 |   0.0 |  1188
           D:5 |       0 |     786 |   0.0 |       0 |      25 |   0.0 |  1454
           D:6 |       0 |    1868 |   0.0 |       0 |      38 |   0.0 |  1796
           D:7 |       0 |    1665 |   0.0 |       0 |      35 |   0.0 |  1551
           D:8 |       0 |     268 |   0.0 |       0 |       4 |   0.0 |   267
       Ossuary |       0 |     252 |   0.0 |       0 |      32 |   0.0 |   703
               +---------+---------+-------+---------+---------+-------+---------
